 Dungeon Crawl Stone Soup version 0.17.0-24-gcfadda4 (webtiles) character file.

431 M4edhros the Sneak (level 6, -3/38 HPs)
             Began as an Octopode Artificer on Nov 16, 2015.
             Slain by a sky beast (6 damage)
             ... on level 5 of the Dungeon.
             The game lasted 00:05:20 (2611 turns).

M4edhros the Sneak (Octopode Artificer)             Turns: 2611, Time: 00:05:20

Health: -3/38      AC:  1    Str: 11    XL:     6   Next: 99%
Magic:  18/18      EV: 12    Int: 17    God:
Gold:   208        SH:  3    Dex: 14    Spells: 0 memorised, 5 levels left

rFire  + . .     SeeInvis .     x - +8 scimitar "Urugeg" {slice, *Drain rF+ MR+ Int+3}
rCold  . . .     Clarity  .     y - +0 buckler
rNeg   . . .     SustAt   .     (helmet restricted)
rPois  .         Gourm    .     (no amulet)
rElec  .         Spirit   .     j - ring of magical power
rCorr  .         Warding  .     h - ring of stealth
rMut   .         Stasis   .     (no ring)
MR     +....                    (no ring)
Stlth  +++++.....               (no ring)
                                (no ring)
                                (no ring)
                                (no ring)

@: somewhat resistant to hostile enchantments, quite stealthy
A: almost no armour, amphibious, 8 rings, constrict 8, camouflage 1, gelatinous
body 1
a: no special abilities


You were on level 5 of the Dungeon.
You were not hungry.

You visited 1 branch of the dungeon, and saw 5 of its levels.

You collected 208 gold pieces.

Inventory:

Hand Weapons
 a - a +0 short sword
 s - a +3 hunting sling of flaming
 u - a +3 quarterstaff of chaos
 x - the +8 scimitar "Urugeg" (weapon) {slice, *Drain rF+ MR+ Int+3}
   (You found it on level 4 of the Dungeon)

   It inflicts extra damage upon your enemies.
   It affects your intelligence (+3).
   It protects you from fire.
   It affects your resistance to hostile enchantments.
   It causes draining when unequipped.
Missiles
 f - 13 sling bullets
 l - 2 silver sling bullets
 t - 124 stones (quivered)
 D - 22 poisoned sling bullets
Armour
 y - a +0 buckler (worn)
Jewellery
 h - a ring of stealth (right tentacle)
 j - a ring of magical power (left tentacle)
 o - an uncursed ring of teleportation
 r - an uncursed ring of teleportation
Wands
 b - a wand of flame (7)
 c - a wand of enslavement (14)
 d - a wand of random effects (13)
Scrolls
 m - a scroll of enchant armour
 n - a scroll of magic mapping {unknown}
 w - a scroll of identify
 C - a scroll of blinking {unknown}
 E - a scroll of random uselessness {unknown}
 F - a scroll of teleportation {unknown}
 G - a scroll of recharging {unknown}
Potions
 g - 3 potions of magic
 i - a potion of haste {unknown}
 k - a potion of cure mutation {unknown}
 p - a potion of resistance {unknown}
 q - 2 potions of might {unknown}
 v - a potion of poison {unknown}
 A - a potion of cancellation {unknown}
 B - a potion of lignification {unknown}
Comestibles
 e - 5 bread rations
 z - 2 fruits


   Skills:
 - Level 1.0 Fighting
 - Level 1.0 Short Blades
 * Level 3.5 Slings
 + Level 3.5 Dodging
 + Level 5.3 Stealth
 + Level 4.9 Evocations


You had 5 spell levels left.
You didn't know any spells.

Dungeon Overview and Level Annotations

Branches:
Dungeon (5/15)
 Temple: D:4-7

Altars:
Gozag


Innate Abilities, Weirdness & Mutations

You cannot wear most types of armour.
You are amphibious.
You can wear up to eight rings at the same time.
You can use your tentacles to constrict eight enemies at once.
Your skin changes colour to match your surroundings (Stealth).
Your rubbery body absorbs attacks (AC +1).


Message History

The puff of flame misses the sky beast.
This wand has 8 charges left.
The sky beast hits you. The sky beast shocks you.
Evoke which item? (* to show all) (? for menu, Esc to quit)
Zapping:
b - a wand of flame (8)
Press: ? - help, Shift-Dir - straight line, f/p - sky beast
Aim: a sky beast (severely wounded)
The puff of flame misses the sky beast.
This wand has 7 charges left.
The sky beast hits you.
* * * LOW HITPOINT WARNING * * *
The sky beast shocks you.
* * * LOW HITPOINT WARNING * * *
Drink which item? (? for menu, Esc to quit)
Okay, then.
There is a stone staircase leading up here.
The sky beast flickers out of sight!
Deactivating autopickup; reactivate with Ctrl-A.
Something hits you.
* * * LOW HITPOINT WARNING * * *
Something shocks you.
You die...

#.# #.###.#
.######.#### #.#..###
...........######.##..#
#######.##........###.#
#.########### #.# #.#
###########.# #.#
#...........#
#.###.###########
#...#@# ### ###.#{# #.#
#.#<# #.# #.#.# #.#
#.#.# #.# #.#.######
#####.## #.#......#
#....... #.######.#
#.###.## ##.## #.# #.#
#.#


There were no monsters in sight!

Vanquished Creatures
  An ogre (D:4)
  An orc priest (D:3)
  Crazy Yiuf (D:2)
  A giant frog skeleton (D:5)
  An iguana (D:4)
  An orc wizard (D:4)
  6 worker ants
  An adder (D:4)
  An ooze (D:1)
  A worm (D:2)
  2 orcs (D:4)
  5 giant cockroaches
  4 goblins
  10 hobgoblins
  7 jackals
  5 kobolds
  A ball python (D:2)
  4 bats
  2 giant newts (D:1)
  3 rats
58 creatures vanquished.

Notes
Turn   | Place    | Note
--------------------------------------------------------------
     0 | D:1      | M4edhros the Octopode Artificer began the quest for the Orb.
     0 | D:1      | Reached XP level 1. HP: 13/13 MP: 3/3
    91 | D:1      | Reached XP level 2. HP: 15/18 MP: 4/4
   424 | D:1      | Reached XP level 3. HP: 23/23 MP: 5/5
   613 | D:2      | Reached skill level 4 in Evocations
  1106 | D:2      | Noticed Crazy Yiuf
  1112 | D:2      | Killed Crazy Yiuf
  1112 | D:2      | Reached skill level 1 in Slings
  1112 | D:2      | Reached XP level 4. HP: 28/28 MP: 7/7
  1610 | D:4      | Reached XP level 5. HP: 22/33 MP: 8/8
  1947 | D:4      | Reached XP level 6. HP: 21/38 MP: 9/9
  2166 | D:4      | Noticed an ogre
  2169 | D:4      | Got a slimy scimitar
  2170 | D:4      | Identified the +8 scimitar "Urugeg" {slice, *Drain rF+ MR+ Int+3} (You found it on level 4 of the Dungeon)
  2206 | D:4      | Killed an ogre
  2206 | D:4      | Reached skill level 5 in Stealth
  2353 | D:5      | Entered Level 5 of the Dungeon
  2417 | D:5      | Found an opulent altar of Gozag.
  2611 | D:5      | Slain by a sky beast

Action                   |  1- 3 |  4- 6 || total
-------------------------+-------+-------++-------
Melee: Short sword       |    38 |       ||    38
       Dagger            |     2 |       ||     2
       Quarterstaff      |       |     6 ||     6
       Scimitar          |       |    10 ||    10
 Fire: Hunting sling     |     9 |    62 ||    71
Evoke: Wand              |       |    11 ||    11
  Use: Scroll            |     7 |       ||     7
 Stab: Sleeping          |    11 |     5 ||    16
  Eat: Chunk             |       |     5 ||     5
